 Dungeon Crawl Stone Soup version 0.22-a0-782-g038298e (webtiles) character file.

155 Hebeh the Conjurer (level 5, -13/28 HPs)
             Began as a Deep Elf Conjurer on July 20, 2018.
             Mangled by an orc warrior
             ... wielding a +0 glaive
              (30 damage)
             ... on level 3 of the Dungeon.
             The game lasted 00:10:17 (2625 turns).

Hebeh the Conjurer (Deep Elf Conjurer)              Turns: 2625, Time: 00:10:18

Health: -13/28     AC:  5    Str:  5    XL:     5   Next: 14%
Magic:  0/14       EV: 13    Int: 21    God:
Gold:   148        SH:  0    Dex: 15    Spells: 2/13 levels left

rFire    . . .     SeeInvis .   r - staff of death
rCold    . . .     Gourm    .   (no shield)
rNeg     + . .     Faith    .   a - +0 robe
rPois    .         Spirit   .   m - +1 hat
rElec    .         Reflect  .   (no cloak)
rCorr    .         Harm     .   k - +1 pair of gloves
MR       .....                  (no boots)
Stlth    ++........             (no amulet)
HPRegen  0.09/turn              (no ring)
MPRegen  0.14/turn              (no ring)

@: no status effects
A: no striking features
a: no special abilities


You were on level 3 of the Dungeon.
You were not hungry.

You visited 1 branch of the dungeon, and saw 3 of its levels.

You collected 148 gold pieces.

Inventory:

Hand Weapons
 g - a cursed +0 dagger
 j - a cursed -2 short sword
 q - a cursed -1 hand axe
Armour
 a - a +0 robe (worn)
 k - a +1 pair of gloves (worn)
 m - a +1 hat (worn)
Magical Staves
 r - an uncursed staff of death (weapon)
Scrolls
 b - a scroll of enchant weapon {unknown}
 f - a scroll of amnesia
 i - 2 scrolls of enchant armour
 n - a scroll of identify
 o - a scroll of teleportation
Potions
 d - 2 potions of lignification
 l - a potion of invisibility {unknown}
Comestibles
 c - 6 rations
 h - a chunk of flesh


   Skills:
 - Level 2.4 Dodging
 - Level 2.4 Stealth
 + Level 4.8 Spellcasting
 * Level 6.3 Conjurations


You had 2 spell levels left.
You knew the following spells:

 Your Spells              Type           Power        Failure   Level  Hunger
a - Magic Dart            Conj           ####         1%          1    None
b - Iskenderun's Mystic   Conj           ####....     9%          4    ####...
c - Searing Ray           Conj           ####..       1%          2    None
d - Force Lance           Conj/Tloc      ###.....     30%         4    ####...

Your spell library contained the following spells:

 Spells                   Type           Power        Failure   Level  Hunger
 Fulminant Prism          Conj/Hex       ###.......   30%         4    ####...
 Dazzling Spray           Conj/Hex       ###...       9%          3    ##.....


Dungeon Overview and Level Annotations

Branches:
Dungeon (3/15)

Altars:
Trog
Xom


Message History

The magic dart hits the orc warrior.
The orc warrior is severely wounded.
Casting: Magic Dart (safe; 1% risk of failure)
Confirm with . or Enter, or press ? or * to list all spells.
Aiming: Magic Dart (safe; 1% risk of failure)
Press: ? - help, Shift-Dir - straight line, f/p - orc warrior
Aim: an orc warrior, wielding a glaive and wearing a plate armour (severely wounded)
The magic dart hits the orc warrior.
The orc warrior is severely wounded.
The orc warrior barely misses you.
Casting: Magic Dart (safe; 1% risk of failure)
Confirm with . or Enter, or press ? or * to list all spells.
Aiming: Magic Dart (safe; 1% risk of failure)
Press: ? - help, Shift-Dir - straight line, f/p - orc warrior
Aim: an orc warrior, wielding a glaive and wearing a plate armour (severely wounded)
The magic dart hits the orc warrior.
The orc warrior is severely wounded.
The orc warrior hits you from afar with a glaive!!
Ouch! That really hurt!
You die...

..........#.......#.#
#......^.......#.##.#
#.##...........#....#
#.##...........# #..#
.........#.##### >.#
..######.#.# ... .
#...<#o#.# ##
##.###.#.# #...@.#.#
#######.# #.#


You could see an orc warrior.

Vanquished Creatures
  An orc priest (D:3)
  Terence (D:2)
  5 gnolls (D:2)
  An ooze (D:1)
  A dart slug (D:1)
  A leopard gecko (D:2)
  4 bats
  A giant cockroach (D:1)
  8 goblins
  5 hobgoblins
  4 jackals (D:2)
  3 frilled lizards (D:2)
  9 kobolds
  4 rats (D:1)
48 creatures vanquished.

Notes
Turn   | Place    | Note
-------+----------+-------------------------------------------
     0 | D:1      | Hebeh the Deep Elf Conjurer began the quest for the Orb.
     0 | D:1      | Reached XP level 1. HP: 10/10 MP: 6/6
   429 | D:1      | Reached XP level 2. HP: 15/15 MP: 5/8
   777 | D:1      | Reached skill level 5 in Conjurations
  1160 | D:1      | Learned a level 2 spell: Searing Ray
  1200 | D:2      | Reached XP level 3. HP: 19/19 MP: 7/10
  1500 | D:2      | Found a shimmering altar of Xom.
  1501 | D:2      | Noticed Terence
  1507 | D:2      | Reached XP level 4. HP: 15/24 MP: 2/12
  1674 | D:2      | Learned a level 4 spell: Iskenderun's Mystic Blast
  1679 | D:2      | Learned a level 4 spell: Force Lance
  1890 | D:2      | Found a bloodstained altar of Trog.
  2232 | D:2      | Killed Terence
  2232 | D:2      | Reached skill level 6 in Conjurations
  2591 | D:3      | Noticed an orc warrior
  2597 | D:3      | Reached XP level 5. HP: 28/28 MP: 2/14
  2625 | D:3      | Mangled by an orc warrior

Vault maps used:
D:1:      onia_arrival_mini_maze
D:2:      tgw_xom, trog_book, uniq_terence
D:3:      st_stairs_7

Skill      XL: |  1  2  3  4 |
---------------+-------------+-----
Conjurations   | 5 6 |  6.3
Spellcasting   | 4 |  4.8
Dodging        | |  2.4
Stealth        | |  2.4

Action                   |  1- 3 |  4- 6 || total
-------------------------+-------+-------++-------
 Cast: Magic Dart        |    52 |    32 ||    84
       Searing Ray       |     2 |     1 ||     3
       Iskenderun's Myst |       |     4 ||     4
  Use: Scroll            |     3 |     4 ||     7
  Eat: Chunk             |     2 |     1 ||     3
       Ration            |       |     1 ||     1
Armor: Robe              |       |     6 ||     6
Dodge: Dodged            |     3 |    10 ||    13

Table legend:
 A = Spawn XP
 B = Non-spawn XP
 C = Spawn XP percentage of total XP
 D = Spawn monster count
 E = Non-spawn monster count
 F = Spawn count percentage of total count
 G = Total turns spent on level
                    A         B        C        D         E        F      G
               +---------+---------+-------+---------+---------+-------+---------
         Total |       0 |     222 |   0.0 |       0 |      48 |   0.0 |  2625
               +---------+---------+-------+---------+---------+-------+---------
           D:1 |       0 |      39 |   0.0 |       0 |      21 |   0.0 |  1198
           D:2 |       0 |     139 |   0.0 |       0 |      24 |   0.0 |  1328
           D:3 |       0 |      44 |   0.0 |       0 |       3 |   0.0 |    99
               +---------+---------+-------+---------+---------+-------+---------
